 Dungeon Crawl Stone Soup version 0.28-a0-622-gbaef9634d7 (webtiles) character file.

Game seed: 1315471659106643751

29 sleeves the Slasher (level 3, 29/29 HPs)
             Began as a Demonspawn Fighter on Oct 7, 2021.
             Quit the game on level 1 of the Dungeon.
             The game lasted 00:00:36 (659 turns).

sleeves the Slasher (Demonspawn Fighter)             Turns: 659, Time: 00:00:38

Health: 29/29      AC:  6    Str: 16    XL:     3   Next: 1%
Magic:  3/3        EV:  9    Int: 12    God:
Gold:   27         SH:  4    Dex: 12    Spells: 2/2 levels left

rFire   . . .      SeeInvis .   a - +0 long sword
rCold   . . .      Faith    .   c - +0 buckler
rNeg    . . .      Spirit   .   b - +0 scale mail
rPois   .          Reflect  .   (no helmet)
rElec   .          Harm     .   (no cloak)
rCorr   .          Rampage  .   (no gloves)
Will    .....                   (no boots)
Stlth   ..........              (no amulet)
HPRegen 0.09/turn               (no ring)
MPRegen 0.08/turn               (no ring)

@: no status effects
A: foul stench 1, big brain 1
a: no special abilities


You were on level 1 of the Dungeon.
You visited 1 branch of the dungeon, and saw 1 of its levels.

You collected 27 gold pieces.

Inventory:

Hand Weapons
 a - a +0 long sword (weapon)
Armour
 b - a +0 scale mail (worn)
 c - a +0 buckler (worn)
Scrolls
 e - a scroll of fear {unknown}
Potions
 d - a potion of might


   Skills:
 - Level 3.0 Fighting
 + Level 3.2 Long Blades
 - Level 2.6 Armour
 - Level 2.6 Shields


You had 2 spell levels left.
You didn't know any spells.
Your spell library contained the following spells:

 Spells                   Type           Power      Damage    Failure   Level
 Corpse Rot               Necr/Air       N/A        N/A       91%         2
 Airstrike                Air            0%         N/A       100%        4
 Dispel Undead            Necr           0%         3d6       100%        4
 Summon Lightning Spire   Summ/Air       0%         N/A       100%        4
 Lightning Bolt           Conj/Air       0%         1d11      100%        5
 Death Channel            Necr           0%         N/A       100%        6


Dungeon Overview and Level Annotations

Branches:
Dungeon (1/15)

Altars:


Innate Abilities, Weirdness & Mutations

You may rarely emit foul miasma when damaged in melee.
You have an unusually large brain. (Int +2)


Message History

Welcome, sleeves the Demonspawn Fighter.
The bosom of this dungeon contains the legendary artefact, the Orb of Zot.
Press ? for a list of commands and other information.
Found 25 stones.
Found a staircase leading out of the dungeon.
A bat comes into view.
A bat is nearby!
A bat is nearby!
A bat is nearby!
The bat barely misses you. The bat hits you but does no damage.
You closely miss the bat. The bat completely misses you.
The bat hits you but does no damage. The bat hits you but does no damage.
The bat barely misses you.
You barely miss the bat. The bat hits you but does no damage. x2
You hit the bat.
You kill the bat!
No target in view!
No target in view!
No target in view!
No target in view!
No target in view!
No target in view!
No target in view!
You open the door.
There is an open door here.
Found a stone staircase leading down.
You now have 9 gold pieces.
There is a stone staircase leading down here.
Found a club.
You now have 13 gold pieces (gained 4).
You see here a +0 club.
e - a scroll labelled SUTY ALAFAUNAOL No target in view!
No target in view!
No target in view!
No target in view!
No target in view!
No target in view!
Found 11 poisoned darts.
A kobold comes into view. It is wielding a +0 short sword.
The kobold shouts!
The kobold moves out of view.
You pick up a book of Storms and begin reading...
You add the spells Airstrike, Summon Lightning Spire and Lightning Bolt to your library.
You hit the kobold.
The kobold is severely wounded.
You block the kobold's attack.
You closely miss the kobold.
The kobold is severely wounded.
The kobold hits you with a +0 short sword.
You hit the kobold but do no damage.
The kobold is severely wounded.
The kobold hits you but does no damage. You block the kobold's attack.
You closely miss the kobold.
The kobold is severely wounded.
The kobold hits you with a +0 short sword.
You hit the kobold.
You kill the kobold!
Your Long Blades skill increases to level 2!
No target in view!
No target in view!
No target in view!
No target in view!
HP restored.
Things that are here:
a +0 short sword; a kobold corpse You open the door.
There is an open door here.
A giant cockroach comes into view.
A giant cockroach is nearby!
You block the giant cockroach's attack.
You hit the giant cockroach.
You kill the giant cockroach!
No target in view!
No target in view!
No target in view!
No target in view!
No target in view!
No target in view!
You pick up a book of Decay and begin reading...
You add the spells Corpse Rot, Dispel Undead and Death Channel to your library.
An endoplasm comes into view.
The endoplasm quivers.
An endoplasm is nearby!
You hit the endoplasm but do no damage. The endoplasm completely misses you.
You hit the endoplasm but do no damage. The endoplasm barely misses you.
You hit the endoplasm but do no damage.
The endoplasm hits you but does no damage.
You slash the endoplasm!
You kill the endoplasm!
No target in view!
No target in view!
No target in view!
No target in view!
A dart slug comes into view.
A dart slug is nearby!
A dart slug is nearby!
You block the dart slug's attack.
You hit the dart slug but do no damage.
The dart slug bites you but does no damage.
You hit the dart slug.
The dart slug is moderately wounded.
The dart slug bites you but does no damage.
You hit the dart slug but do no damage.
The dart slug is moderately wounded.
The dart slug bites you but does no damage.
You hit the dart slug.
The dart slug is almost dead.
The dart slug bites you but does no damage.
You hit the dart slug but do no damage.
The dart slug is severely wounded.
The dart slug launches a dart at you. The slug dart misses you.
You slash the dart slug!
You kill the dart slug!
No target in view!
A ball python and a quokka come into view.
The ball python hisses angrily.
There are monsters nearby!
There are monsters nearby!
There are monsters nearby!
You block the ball python's attack. The ball python grabs you.
The ball python constricts you.
You hit the ball python.
The ball python is heavily wounded.
The ball python bites you but does no damage.
The ball python constricts you.
You barely miss the ball python.
The ball python is heavily wounded.
You block the ball python's attack. The ball python constricts you.
You block the ball python's attack. The ball python constricts you.
You closely miss the ball python.
The ball python is heavily wounded.
The ball python bites you but does no damage.
The ball python constricts you.
The quokka bites you but does no damage.
The ball python bites you but does no damage.
The ball python constricts you.
You slash the ball python!
You kill the ball python!
The quokka bites you but does no damage.
The quokka closely misses you.
You have reached level 2!
Your demonic ancestry asserts itself...
Your brain expands.
You closely miss the quokka. The quokka closely misses you.
You slash the quokka!
You kill the quokka!
No target in view!
No target in view!
No target in view!
No target in view!
No target in view!
No target in view!
No target in view!
No target in view!
No target in view!
You now have 27 gold pieces (gained 14).
There is an open door here.
You open the door.
Found a stone staircase leading down.
There is an open door here.
A dart slug comes into view.
A dart slug is nearby!
A dart slug is nearby!
You hit the dart slug.
The dart slug is heavily wounded.
The dart slug barely misses you.
You slash the dart slug!
You kill the dart slug!
No target in view!
No target in view!
No target in view!
No target in view!
No target in view!
No target in view!
No target in view!
You see here a dart slug corpse.
A rat comes into view.
A rat is nearby!
A rat is nearby!
The rat bites you but does no damage.
You hit the rat.
You kill the rat!
No target in view!
No target in view!
No target in view!
No target in view!
No target in view!
No target in view!
No target in view!
No target in view!
You see here a rat corpse.
Found 19 stones.
Found a stone staircase leading down.
A hobgoblin comes into view.
A hobgoblin is nearby!
A dart slug comes into view.
You closely miss the hobgoblin. The dart slug launches a dart at you.
You block the slug dart.
The hobgoblin hits you but does no damage.
You slash the hobgoblin!
You kill the hobgoblin!
There is a stone staircase leading down here.
You hit the dart slug but do no damage.
The dart slug bites you but does no damage.
You hit the dart slug.
The dart slug is heavily wounded.
The dart slug bites you but does no damage.
You hit the dart slug.
You kill the dart slug!
No target in view!
No target in view!
No target in view!
No target in view!
No target in view!
No target in view!
No target in view!
No target in view!
No target in view!
No target in view!
No target in view!
No target in view!
No target in view!
No target in view!
No target in view!
No target in view!
No target in view!
No target in view!
No target in view!
You see here a dart slug corpse.
A dart slug comes into view.
A dart slug is nearby!
A dart slug is nearby!
A dart slug is nearby!
A goblin comes into view. It is wielding a +0 club.
The goblin shouts!
A giant cockroach comes into view.
The dart slug bites you.
You hit the dart slug.
The dart slug is heavily wounded.
The dart slug barely misses you.
An endoplasm comes into view.
The endoplasm quivers.
You hit the dart slug.
The dart slug is almost dead.
The dart slug bites you.
You hit the dart slug.
You kill the dart slug!
You block the goblin's attack.
Your Long Blades skill increases to level 3!
You closely miss the goblin. The goblin hits you with a +0 club.
You slash the goblin!
You kill the goblin!
You hit the giant cockroach.
The giant cockroach is moderately wounded.
The giant cockroach bites you.
You closely miss the giant cockroach.
The giant cockroach is moderately wounded.
The giant cockroach bites you. The giant cockroach closely misses you.
Your shield and scale mail prevent you from hitting the giant cockroach.
The giant cockroach is moderately wounded.
The giant cockroach bites you but does no damage. x2
You completely miss the giant cockroach.
The giant cockroach is moderately wounded.
The giant cockroach bites you but does no damage.
You hit the giant cockroach.
You kill the giant cockroach!
An endoplasm is nearby!
An endoplasm is nearby!
An endoplasm is nearby!
An endoplasm is nearby!
You slash the endoplasm!
You kill the endoplasm!
No target in view!
No target in view!
No target in view!
No target in view!
No target in view!
Things that are here:
a +0 club; a goblin corpse You see here 11 poisoned darts.
A frilled lizard comes into view.
The frilled lizard hisses angrily.
A frilled lizard is nearby!
A frilled lizard is nearby!
You block the frilled lizard's attack.
You slash the frilled lizard!
You kill the frilled lizard!
No target in view!
No target in view!
No target in view!
No target in view!
No target in view!
No target in view!
A bat and a rat come into view.
Found 18 stones.
There are monsters nearby!
There are monsters nearby!
The bat barely misses you. The bat hits you but does no damage.
You see here 18 stones.
You hit the rat.
You kill the rat!
The bat hits you but does no damage. The bat hits you but does no damage.
You closely miss the bat. The bat hits you but does no damage.
The bat hits you but does no damage.
You slash the bat!
You kill the bat!
No target in view!
No target in view!
No target in view!
No target in view!
No target in view!
No target in view!
No target in view!
No target in view!
No target in view!
No target in view!
Found a faded altar of an unknown god.
A bat comes into view.
A bat is nearby!
A bat is nearby!
The bat barely misses you.
You closely miss the bat. You block the bat's attack.
You hit the bat.
The bat is severely wounded.
You block the bat's attack. The bat hits you but does no damage. x2
You miss the bat.
The bat is severely wounded.
The bat barely misses you. The bat hits you but does no damage.
You closely miss the bat.
The bat is severely wounded.
The bat barely misses you.
You slash the bat!
You kill the bat!
No target in view!
No target in view!
No target in view!
You open the door.
There is an open door here.
As you open the door, it creaks loudly!
There is an open door here.
Found a club.
A bat comes into view.
The bat closely misses you.
You closely miss the bat. The bat completely misses you.
You block the bat's attack.
You closely miss the bat. The bat closely misses you.
You hit the bat.
The bat is heavily wounded.
You block the bat's attack. The bat hits you but does no damage. x2
The bat hits you but does no damage.
You hit the bat.
You kill the bat!
You have reached level 3!
Your experience leads to an increase in your attributes!
Increase (S)trength, (I)ntelligence, or (D)exterity?
You feel clever.
Your demonic ancestry asserts itself...
You begin to emit a foul stench of rot and decay.
Are you sure you want to abandon this character and quit the game? (Confirm with "yes".)

..#.#.# #....#.##.....
####.#.# #....#.# ..#
#......###....#.# .
##.#..........#.# ..#
##+#..........#.####...
#.....####....#.##.#...
+.....####+#'##....#...
#.............####.#...
#.....@.......####.#...
#..................#...
#...............†......
#.....####.............
#.)...# #.###+###..#..
#.....# #. #..#..
#.....# #. #.##..
#....# #.#... ###...


There were no monsters in sight!

Vanquished Creatures
  4 dart slugs (D:1)
  A ball python (D:1)
  2 endoplasms (D:1)
  2 giant cockroaches (D:1)
  A goblin (D:1)
  A hobgoblin (D:1)
  A kobold (D:1)
  A quokka (D:1)
  4 bats (D:1)
  A frilled lizard (D:1)
  2 rats (D:1)
20 creatures vanquished.

Notes
Turn   | Place    | Note
-------+----------+-------------------------------------------
     0 | D:1      | sleeves the Demonspawn Fighter began the quest for the Orb.
     0 | D:1      | Reached XP level 1. HP: 18/18 MP: 1/1
    93 | D:1      | Reached skill level 2 in Long Blades
   238 | D:1      | Gained mutation: You have an unusually large brain. (Int
                  | +2) [demonic ancestry]
   238 | D:1      | Reached XP level 2. HP: 24/24 MP: 2/2
   362 | D:1      | Reached skill level 3 in Long Blades
   582 | D:1      | Found a faded altar of an unknown god.
   659 | D:1      | Gained mutation: You may rarely emit foul miasma when
                  | damaged in melee. [demonic ancestry]
   659 | D:1      | Reached XP level 3. HP: 29/29 MP: 3/3
   659 | D:1      | Quit the game

Illustrated notes

Levels and vault maps discovered:
D:1:      dpeg_arrival_pond, layout_basic, hellmonk_ecumenical_altar_zigzags,
          st_stairs_13, hangedman_decor_clover_reticule

Skill      XL: |  1  2 |
---------------+-------+-----
Long Blades    | 2 3 |  3.2
Fighting       | |  3.0
Armour         | |  2.6
Shields        | |  2.6

Action                   || total
-------------------------++-------
Melee: Long sword        ||    57
Armor: Scale mail        ||    34
Dodge: Dodged            ||    18
Block: Buckler           ||    14

Table legend: (Time is in decaauts)
 A = Elapsed time spent in this place.
 B = Non-inter-level travel time spent in this place.
 C = Inter-level travel time spent in this place.
 D = Time resting spent in this place.
 E = Time spent auto-exploring this place.
 F = Levels seen in this place.
 G = Mean time per level.
                   A        B        C        D        E       F      G
               +--------+--------+--------+--------+--------+-----+--------+
         Total |    675 |    675 |      0 |      0 |    546 |   1 |  675.0 |
       Dungeon |    675 |    675 |      0 |      0 |    546 |   1 |  675.0 |
               +--------+--------+--------+--------+--------+-----+--------+

Top non-repeatable levels by time:
     D:1: 675 daAuts
